 Dungeon Crawl Stone Soup version 0.26.0-90-g5fd8617961 (webtiles) character file.

Game seed: 17029247864126054551

91 jlumianski the Skirmisher (level 4, -1/40 HPs)
             Began as a Palentonga Fighter on Feb 2, 2021.
             Slain by a goblin
             ... wielding a +0 dagger
             ... led by Robin
              (4 damage)
             ... on level 3 of the Dungeon.
             The game lasted 00:06:33 (955 turns).

jlumianski the Skirmisher (Palentonga Fighter)       Turns: 955, Time: 00:06:33

Health: -1/40      AC:  8    Str: 20    XL:     4   Next: 33%
Magic:  4/4        EV:  5    Int:  9    God:
Gold:   81         SH:  9    Dex:  9    Spells: 3/3 levels left

rFire    . . .     SeeInvis +   a - +0 war axe
rCold    . . .     Faith    .   c - +0 kite shield
rNeg     . . .     Spirit   .   b - +0 scale mail
rPois    .         Reflect  .   (no helmet)
rElec    .         Harm     .   m - +1 cloak
rCorr    .         Rampage  .   (no gloves)
Will     .....                  (no barding)
Stlth    ..........             (no amulet)
HPRegen  0.13/turn              (no ring)
MPRegen  0.09/turn              (no ring)

@: no status effects
A: large, rugged brown scales 3, see invisible, deformed body, roll 1, armoured
tail
a: Rolling Charge


You were on level 3 of the Dungeon.
You visited 1 branch of the dungeon, and saw 3 of its levels.

You collected 81 gold pieces.

Inventory:

Hand Weapons
 a - a +0 war axe (weapon)
Missiles
 e - 47 stones (quivered)
 n - 2 boomerangs of dispersal
Armour
 b - a +0 scale mail (worn)
 c - a +0 kite shield (worn)
 m - a +1 cloak (worn)
Scrolls
 h - a scroll of magic mapping {unknown}
 i - a scroll of random uselessness {unknown}
 j - a scroll of blinking {unknown}
 l - 3 scrolls of remove curse
 p - a scroll of teleportation {unknown}
Potions
 d - a potion of might
 f - a potion of lignification {unknown}
 g - 2 potions of flight {unknown}
 k - a potion of berserk rage {unknown}
 o - a potion of curing {unknown}


   Skills:
 + Level 3.5 Fighting
 + Level 2.4 Axes
 + Level 3.0 Armour
 + Level 0.1 Dodging
 + Level 0.3 Stealth
 + Level 3.1 Shields


You had 3 spell levels left.
You didn't know any spells.
Your spell library was empty.

Dungeon Overview and Level Annotations

Branches:
Dungeon (3/15)

Altars:

Annotations:
D:3 Robin


Innate Abilities, Weirdness & Mutations

You are completely covered in rugged brown scales. (AC +3, +7% HP)
You have supernaturally acute eyesight. (SInv)
Armour fits poorly on your strangely shaped body.
You can roll at nearby foes to attack.
You have a long armoured tail.


Message History

You hit the goblin.
You kill the goblin!
You barely miss the goblin. You completely miss the goblin.
Robin says, "My army is invincible!"
Robin throws the goblin at you! You block the goblin's attack. x2
A goblin comes into view. It is wielding a +0 club. x2
The goblin hits you with a +0 dagger.
* * * LOW HITPOINT WARNING * * *
Robin throws the goblin at you! The goblin hits you with a +0 dagger.
* * * LOW HITPOINT WARNING * * *
The goblin barely misses you.
You miss the goblin.
The goblin shouts!
Your tail-slap misses the goblin.
You closely miss the goblin. x2
You closely miss the rat. You slash the goblin!
You kill the goblin!
The goblin hits you.
* * * LOW HITPOINT WARNING * * *
The rat bites you but does no damage. The goblin hits you with a +0 dagger.
You die...

.....................#..#####
.......#####...#....###...
.....................# #.##
#......###.##...####...
#....). #......# #### #......
#.....## #... #.....#
#.##gg## #...g@)# ####.r)#
#..## #..# #.g# ..g. ..gg
.....


You could see Robin, 6 goblins and a rat.

Vanquished Creatures
  4 gnolls
  An adder (D:3)
  2 leopard geckos
  An orc (D:3)
  9 bats
  9 goblins
  5 hobgoblins
  2 frilled lizards (D:1)
  6 kobolds
  5 rats
44 creatures vanquished.

Notes
Turn   | Place    | Note
-------+----------+-------------------------------------------
     0 | D:1      | jlumianski the Palentonga Fighter began the quest for the
                  | Orb.
     0 | D:1      | Reached XP level 1. HP: 20/20 MP: 1/1
    61 | D:1      | Reached XP level 2. HP: 23/27 MP: 2/2
   734 | D:2      | Reached XP level 3. HP: 32/33 MP: 3/3
   898 | D:3      | Reached XP level 4. HP: 28/40 MP: 4/4
   949 | D:3      | Noticed Robin
   955 | D:3      | Slain by a goblin

Illustrated notes

Levels and vault maps discovered:
D:1:      heliophobic_arrival_henge, layout_basic
D:2:      layout_rooms
D:3:      layout_basic, gammafunk_temple_overflow_statue, portal_sewer_entry_c,
          uniq_robin

Skill      XL: |  1  2  3  4 |
---------------+-------------+-----
Shields        | 3 |  3.1
Armour         | 3 |  3.0
Fighting       | |  3.5
Axes           | |  2.4
Dodging        | |  0.1
Stealth        | |  0.3

Action                   |  1- 3 |  4- 6 || total
-------------------------+-------+-------++-------
Melee: War axe           |   113 |    14 ||   127
       Tailslap          |     6 |       ||     6
Throw: Stone             |     5 |       ||     5
 Abil: Rolling Charge    |    20 |     2 ||    22
  Use: Scroll            |     1 |       ||     1
Armor: Scale mail        |    82 |     7 ||    89
Dodge: Dodged            |    32 |     5 ||    37
Block: Kite shield       |    83 |    13 ||    96
